 Dungeon Crawl Stone Soup version 0.27-a0-67-g4bfc8a49e1 (webtiles) character file.

Game seed: 8626246213413869972

39 Borgoz the Covered (level 3, 0/26 HPs)
             Began as a Halfling Fighter on Jan 9, 2021.
             Slain by a worm (6 damage)
             ... on level 2 of the Dungeon.
             The game lasted 00:01:11 (1236 turns).

Borgoz the Covered (Halfling Fighter)               Turns: 1236, Time: 00:01:12

Health: 0/26       AC:  6    Str: 17    XL:     3   Next: 70%
Magic:  3/3        EV:  8    Int:  6    God:
Gold:   91         SH:  9    Dex: 14    Spells: 2/2 levels left

rFire    . . .     SeeInvis .   a - +0 long sword
rCold    . . .     Faith    .   c - +0 kite shield
rNeg     . . .     Spirit   .   b - +0 scale mail
rPois    .         Reflect  .   (no helmet)
rElec    .         Harm     .   (no cloak)
rCorr    .         Rampage  .   (no gloves)
Will     .....                  (no boots)
Stlth    ..........             (no amulet)
HPRegen  0.08/turn              (no ring)
MPRegen  0.08/turn              (no ring)

@: lethally poisoned (0 -> -2)
A: small, mutation resistance 1
a: no special abilities


You were on level 2 of the Dungeon.
You visited 1 branch of the dungeon, and saw 2 of its levels.

You collected 91 gold pieces.

Inventory:

Hand Weapons
 a - a +0 long sword (weapon)
Armour
 b - a +0 scale mail (worn)
 c - a +0 kite shield (worn)
Scrolls
 g - 2 scrolls of remove curse
 h - a scroll of fog {unknown}
 j - a scroll of enchant armour {unknown}
 m - a scroll of identify {unknown}
Potions
 d - a potion of might
 e - 2 potions of flight {unknown}
 f - 3 potions of curing {unknown}
 i - a potion of attraction {unknown}
 k - a potion of berserk rage {unknown}
 n - a potion of ambrosia {unknown}


   Skills:
 + Level 3.0 Fighting
 * Level 2.8 Long Blades
 + Level 3.6 Armour
 + Level 3.6 Shields


You had 2 spell levels left.
You didn't know any spells.
Your spell library was empty.

Dungeon Overview and Level Annotations

Branches:
Dungeon (2/15)

Altars:


Innate Abilities, Weirdness & Mutations

You are small and have problems with some larger weapons.
You are somewhat resistant to further mutation.


Message History

You hit the hobgoblin.
The hobgoblin is almost dead.
You block the hobgoblin's attack.
The jackal bites you but does no damage.
The worm bites you!
You are too injured to fight recklessly!
You are too injured to fight recklessly!
You are too injured to fight recklessly!
You hit the hobgoblin.
You kill the hobgoblin!
You feel sick. You block the jackal's attack.
The jackal bites you but does no damage.
The worm barely misses you.
You hit the jackal.
You kill the jackal!
You barely miss the worm. You block the worm's attack.
You hit the worm.
The worm is lightly wounded.
You feel sick. The worm bites you.
You die...

#....######.##...
#....# #.##.##
#....# #..#.##
#..(.# ##.#.##
#....# #.#.##
#####....# #.#.##
#$.......# #...#.
#.....#### ##..#.
#...@.#
######..#.
#..†.w#
..........
#.....#
.........#
#.....#
.......#)#
#.....#
.......#..
#.....#
.......##.
#.....#
.......##.
#.....# .......
## ....... #


You could see a worm.

Vanquished Creatures
  An adder (D:2)
  2 leopard geckos (D:2)
  3 bats
  2 goblins (D:2)
  6 hobgoblins
  2 jackals (D:2)
  2 kobolds
  A quokka (D:2)
  2 ball pythons
  2 frilled lizards
  3 rats
26 creatures vanquished.

Notes
Turn   | Place    | Note
-------+----------+-------------------------------------------
     0 | D:1      | Borgoz the Halfling Fighter began the quest for the Orb.
     0 | D:1      | Reached XP level 1. HP: 15/15 MP: 1/1
   348 | D:1      | Reached XP level 2. HP: 20/20 MP: 2/2
  1036 | D:2      | Reached XP level 3. HP: 25/25 MP: 3/3
  1236 | D:2      | Slain by a worm

Illustrated notes

Levels and vault maps discovered:
D:1:      dpeg_arrival_tiny_c, layout_loops_ring, minmay_pentomino_t2
D:2:      layout_basic, solitary_fountain, corexii_leaking_fountain,
          chequers_serial_rivers_small_b

Skill      XL: |  1  2  3 |
---------------+----------+-----
Fighting       | 3 |  3.0
Long Blades    | |  2.8
Armour         | |  3.6
Shields        | |  3.6

Action                   || total
-------------------------++-------
Melee: Long sword        ||    73
  Use: Scroll            ||     1
Armor: Scale mail        ||    39
Dodge: Dodged            ||    27
Block: Kite shield       ||    49
       Rpst.: Long sword ||     7

Table legend: (Time is in decaauts)
 A = Elapsed time spent in this place.
 B = Non-inter-level travel time spent in this place.
 C = Inter-level travel time spent in this place.
 D = Time resting spent in this place.
 E = Time spent auto-exploring this place.
 F = Levels seen in this place.
 G = Mean time per level.
                   A        B        C        D        E       F      G
               +--------+--------+--------+--------+--------+-----+--------+
         Total |   1261 |   1228 |     33 |      0 |   1054 |   2 |  630.5 |
       Dungeon |   1261 |   1228 |     33 |      0 |   1054 |   2 |  630.5 |
               +--------+--------+--------+--------+--------+-----+--------+

Top non-repeatable levels by time:
     D:1: 828 daAuts
     D:2: 433 daAuts
